 Dungeon Crawl Stone Soup version 0.31-a0-117-g42d8f58691 (webtiles) character file.

Game seed: 5638013666379451620

105 MackTheKnife the Cutter (level 4, -3/23 HPs)
             Began as a Vine Stalker Berserker on May 30, 2023.
             Was a Believer of Trog.
             Slain by a bullfrog (7 damage)
             ... on level 5 of the Dungeon.
             The game lasted 00:03:17 (933 turns).

MackTheKnife the Cutter (Vine Stalker Berserker)     Turns: 933, Time: 00:03:18

Health: -3/23      AC:  6    Str: 25    XL:     4   Next: 81%
Magic:  0/5        EV: 10    Int:  7    God:    Trog [**....]
Gold:   75         SH:  0    Dex: 16    Spells: 3/3 levels left

rFire   . . .        a - +0 short sword {short}
rCold   . . .        (no shield)
rNeg    . . .        c - +0 scale mail
rPois   .            (no helmet)
rElec   .            (no cloak)
rCorr   .            (no gloves)
SInv    .            (no boots)
Will    .....        g - amulet of faith {!P} Stlth
                     m - +6 ring of strength
HPRegen 1.03/turn    (no ring)
MPRegen 0.09/turn

%: guardian spirit, faith
@: no status effects
A: fangs 2, regeneration 1, magic shield, antimagic bite, no potion heal 2
a: Renounce Religion, Berserk, Trog's Hand


You were on level 5 of the Dungeon.
You worshipped Trog.
Trog was pleased with you.
You visited 1 branch of the dungeon, and saw 5 of its levels.

You collected 75 gold pieces.


Innate Abilities, Weirdness & Mutations

You have extremely sharp teeth.
Your natural rate of healing is unusually fast.
When hurt, damage is shared between your health and your magic reserves.
Your bite disrupts and absorbs the magic of your enemies.
Potions cannot restore your health.


   Skills:
 - Level 2.6 Fighting
 + Level 4.9 Short Blades
 - Level 1.5 Armour
 - Level 1.5 Dodging


You had 3 spell levels left.
You didn't know any spells.
Your spell library was empty.

Inventory:

Hand Weapons
 a - a +0 short sword (weapon) {short}
Missiles
 f - 3 poisoned darts (quivered) {throwing}
Armour
 c - a +0 scale mail (worn)
   (You found it on level 1 of the Dungeon)
Jewellery
 g - an amulet of faith (around neck) {!P}
   (You found it on level 3 of the Dungeon)
 m - a +6 ring of strength (left hand)
   (You found it on level 5 of the Dungeon)
Scrolls
 d - 2 scrolls of identify {unknown}
 j - a scroll of blinking {unknown}
 k - a scroll of teleportation {unknown}
 l - a scroll of noise {unknown}
Potions
 b - 2 potions of brilliance {unknown}
 e - 2 potions of ambrosia {unknown}
 h - a potion of lignification {unknown}
 i - a potion of attraction {unknown}

Dungeon Overview and Level Annotations

Branches:
Dungeon (5/15) Zot: 26701
 Temple: D:4-7

Altars:
Hepliaklqana

Shops:
D:1

* #.#########..
##............
#............#
#.#.........##
#.#...........
..#........##
.###........#
.######.#####
#......F@#
............#
#....#######...
#...# #... ###


You could see a bullfrog.


Message History

You regained 2 hp, and now have 12/23 hp. 😮 HP[+1] 😮 HP[+2]
You regained 2 hp, and now have 15/23 hp. 😮 HP[+1] 😕 HP[+2] MP[+1]
You regained 2 hp, and now have 18/23 hp. 😕 HP[+1] 😕 HP[+2]
You regained 2 hp, and now have 21/23 hp. 😕 HP[+1] 😎 HP[+1]
Your hp is fully restored (23). 😎 MP[+1] 😎 MP[+1]
There is a stone staircase leading down here.
You feel yourself speed up.
You climb downwards.
There is a stone staircase leading up here.
f - a poisoned dart {throwing} 😎 MP[+1]
Your mp is fully restored (5).
f - 2 poisoned darts {throwing} (gained 1)
f - 3 poisoned darts {throwing} (gained 1)
You recover from your berserk rage.
m - a +6 ring of strength You feel stronger.
m - a +6 ring of strength (left hand)
A bullfrog comes into view.
The bullfrog croaks.
The bullfrog closely misses you.
You hit the bullfrog. Your bite misses the bullfrog.
The bullfrog hits you but does no damage.
You closely miss the bullfrog. The bullfrog completely misses you.
You completely miss the bullfrog.
You bite the bullfrog, but do no damage.
The bullfrog hits you but does no damage.
You closely miss the bullfrog. You bite the bullfrog! You drain its power.
The bullfrog hits you. 😕 HP[-4] MP[-1]
You take 4 damage, and now have 19/23 hp.
You lost 1 mp, and now have 4/5 mp.
You barely miss the bullfrog. Your bite misses the bullfrog.
The bullfrog barely misses you. 😕 HP[+1]
You closely miss the bullfrog. Your bite misses the bullfrog.
The bullfrog closely misses you. 😕 HP[+1] Unknown command.
You hit the bullfrog but do no damage. Your bite misses the bullfrog.
The bullfrog hits you. x2 😮 HP[-8] MP[-1]
You take 8 damage, and now have 13/23 hp.
MASSIVE DAMAGE!! (PAUSE)
You lost 1 mp, and now have 3/5 mp.
You hit the bullfrog. Your bite misses the bullfrog. The bullfrog hits you.
* * * LOW HITPOINT WARNING * * *
😨 HP[-4] MP[-1]
You take 4 damage, and now have 9/23 hp.
You lost 1 mp, and now have 2/5 mp.
You hit the bullfrog. Your bite misses the bullfrog. The bullfrog hits you.
* * * LOW HITPOINT WARNING * * *
😱 HP[-4] MP[-1]
You take 4 damage, and now have 5/23 hp.
You lost 1 mp, and now have 1/5 mp.
You barely miss the bullfrog. Your bite misses the bullfrog.
The bullfrog hits you but does no damage. 😨 HP[+1]
You miss the bullfrog. You bite the bullfrog. You drain its power.
You feel invigorated. The bullfrog hits you.
* * * LOW HITPOINT WARNING * * *
😱 HP[-1] MP[+3]
You take 1 damage, and now have 5/23 hp.
You regained 3 mp, and now have 4/5 mp.
You closely miss the bullfrog. Your bite misses the bullfrog.
The bullfrog hits you.
* * * LOW HITPOINT WARNING * * *
The bullfrog hits you.
* * * LOW HITPOINT WARNING * * *
😱 HP[-3] MP[-4]
You take 3 damage, and now have 2/23 hp.
You lost 4 mp, and now have 0/5 mp.
You barely miss the bullfrog.
The bullfrog hits you but does no damage. 😱 HP[+1]
You hit the bullfrog. Your bite misses the bullfrog.
The bullfrog completely misses you.
You hit the bullfrog. Your bite misses the bullfrog. The bullfrog hits you.
* * * LOW HITPOINT WARNING * * *
😱 HP[-2]
You take 2 damage, and now have 1/23 hp.
You barely miss the bullfrog. Your bite misses the bullfrog.
The bullfrog closely misses you. 😱 HP[+1]
You hit the bullfrog.
The bullfrog barely misses you. 😱 HP[+1]
You aren't carrying any items that you can evoke.
Unknown command.
You hit the bullfrog. The bullfrog hits you!
You die...

Skill      XL: |  1  2  3 |
---------------+----------+-----
Short Blades   | 3 4 |  4.9
Fighting       | |  2.6
Armour         | |  1.5
Dodging        | |  1.5

Action                     |  1- 3 |  4- 6 || total
---------------------------+-------+-------++-------
  Melee: Short sword       |   113 |    52 ||   165
         Bite              |    28 |    11 ||    39
         Punch             |     1 |       ||     1
  Throw: Dart              |       |     3 ||     3
 Invoke: Berserk           |       |     1 ||     1
 Armour: Scale mail        |    25 |    10 ||    35
  Dodge: Dodged            |    54 |    20 ||    74

Levels and vault maps discovered:
D:1:      arrival_zaba_pyramid, layout_basic, serial_co_window_serial,
          co_window_corner_a, co_window_corner_a, co_window_paths_a,
          co_window_of_opportunity_a, co_window_paths_b, co_window_paths_a,
          co_window_of_opportunity_a, co_window_corner_a, co_window_corner_a,
          co_window_broadway_b, co_window_corner_ca, glass_columns_a,
          glass_columns_a, glass_columns_b, serial_shops, shop,
          minmay_worlds_worst_comb
D:2:      layout_basic, basic_altar, ebering_ecumenical_altar_webs,
          serial_shops, nicolae_shop_advertising_works
          [nicolae_subvault_shop_adworks]
D:3:      minmay_octagon_keep, layout_loops_corners,
          mainiacjoe_overflow_cross_hatched
D:4:      layout_loops_corners
D:5:      layout_rooms, minmay_temple_entry_poolview, uniq_pikel, uniq_sigmund

Notes
Turn   | Place    | Note
-------+----------+-------------------------------------------
     0 | D:1      | MackTheKnife the Vine Stalker Berserker began the quest for
                  | the Orb.
     0 | D:1      | Reached XP level 1. HP: 11/11 MP: 2/2
     0 | D:1      | magus.rc [v1.9.6]
    64 | D:1      | Found Bucinusk's Assorted Antiques.
    68 | D:1      | Reached skill level 3 in Short Blades
   123 | D:2      | Reached XP level 2. HP: 16/16 MP: 3/3
   244 | D:2      | Found a faded altar of an unknown god.
   303 | D:2      | Reached XP level 3. HP: 10/19 MP: 4/4
   333 | D:2      | Found a hazy altar of Hepliaklqana.
   516 | D:4      | Reached skill level 4 in Short Blades
   592 | D:4      | Reached ** piety under Trog
   632 | D:5      | Entered Level 5 of the Dungeon
   675 | D:5      | Gained mutation: Your natural rate of healing is unusually
                  | fast. [Vine Stalker growth]
   675 | D:5      | Reached XP level 4. HP: 10/23 MP: 3/5
   682 | D:5      | Noticed a lemure
   847 | D:5      | HP: 1/23 [sleepcap (11)]
   913 | D:5      | Noticed a bullfrog
   924 | D:5      | HP: 5/23 [bullfrog (4)]
   927 | D:5      | HP: 2/23 [bullfrog (2)]
   933 | D:5      | Slain by a bullfrog

Vanquished Creatures
  A sleepcap (D:5)
  4 adders
  2 worms (D:2)
  2 dart slugs
  3 bats
  2 endoplasms
  2 giant cockroaches (D:2)
  2 hobgoblins
  3 jackals (D:4)
  4 kobolds
  5 ball pythons
  A frilled lizard (D:1)
  A rat (D:1)
32 creatures vanquished.

Table legend:
 A = Non-vault XP
 B = Vault XP
 C = Vault XP percentage of total XP
 D = Non-vault monster count
 E = Vault monster count
 F = Vault count percentage of total count
                 A         B        C        D         E       F
            +---------+---------+-------+---------+---------+-------
      Total |     150 |       0 |   0.0 |      32 |       0 |   0.0
            +---------+---------+-------+---------+---------+-------
        D:1 |       8 |       0 |   0.0 |       6 |       0 |   0.0
        D:2 |      36 |       0 |   0.0 |       9 |       0 |   0.0
        D:3 |       7 |       0 |   0.0 |       4 |       0 |   0.0
        D:4 |      31 |       0 |   0.0 |      10 |       0 |   0.0
        D:5 |      68 |       0 |   0.0 |       3 |       0 |   0.0
            +---------+---------+-------+---------+---------+-------

Skill      XL: |  1  2  3 |
---------------+----------+-----
Short Blades   | 3 4 |  4.9
Fighting       | |  2.6
Armour         | |  1.5
Dodging        | |  1.5

Action                     |  1- 3 |  4- 6 || total
---------------------------+-------+-------++-------
  Melee: Short sword       |   113 |    52 ||   165
         Bite              |    28 |    11 ||    39
         Punch             |     1 |       ||     1
  Throw: Dart              |       |     3 ||     3
 Invoke: Berserk           |       |     1 ||     1
 Armour: Scale mail        |    25 |    10 ||    35
  Dodge: Dodged            |    54 |    20 ||    74

Illustrated notes

Table legend:
 A = Kills in this place as a percentage of kills in the entire game.
 B = Kills by you in this place as a percentage of kills by you in the entire game.
 C = Kills by friends in this place as a percentage of kills by friends in the entire game.
 D = Other kills in this place as a percentage of other kills in the entire game.
 E = Experience gained in this place as a percentage of experience gained in the entire game.
 F = Experience gained in this place divided by the number of levels of this place that you have seen.
                   A       B       C       D       E      F
               +-------+-------+-------+-------+-------+----------------------
         Total | 100.0 | 100.0 |   N/A |   N/A | 100.0 |  30.0
       Dungeon | 100.0 | 100.0 |   N/A |   N/A | 100.0 |  30.0
               +-------+-------+-------+-------+-------+----------------------

Table legend: (Time is in decaauts)
 A = Elapsed time spent in this place.
 B = Non-inter-level travel time spent in this place.
 C = Inter-level travel time spent in this place.
 D = Time resting spent in this place.
 E = Time spent auto-exploring this place.
 F = Levels seen in this place.
 G = Mean time per level.
                   A        B        C        D        E       F      G
               +--------+--------+--------+--------+--------+-----+--------+
         Total |    913 |    835 |     78 |     16 |      0 |   5 |  182.6 |
       Dungeon |    913 |    835 |     78 |     16 |      0 |   5 |  182.6 |
               +--------+--------+--------+--------+--------+-----+--------+

Top non-repeatable levels by time:
     D:4: 348 daAuts
     D:2: 244 daAuts
     D:5: 122 daAuts
     D:1: 117 daAuts
     D:3: 80 daAuts
